 Dungeon Crawl Stone Soup version 0.27-a0-681-g0c81a3c1c3 (webtiles) character file.

Game seed: 129823885699042612

136 jasper the Chopper (level 5, 0/70 HPs)
             Began as a Hill Orc Monk on Mar 19, 2021.
             Was a Believer of Makhleb.
             Slain by a centaur (5 damage)
             ... on level 3 of the Dungeon.
             The game lasted 00:05:40 (2896 turns).

jasper the Chopper (Hill Orc Monk)                  Turns: 2896, Time: 00:05:41

Health: 0/70       AC: 22    Str: 15    XL:     5   Next: 19%
Magic:  5/5        EV:  2    Int: 10    God:    Makhleb [**....]
Gold:   83         SH:  0    Dex: 13    Spells: 4/4 levels left

rFire    . . .     SeeInvis .   a - +0 hand axe
rCold    . . .     Faith    .   (no shield)
rNeg     + + +     Spirit   .   (armour currently unavailable)
rPois    +         Reflect  .   (helmet currently unavailable)
rElec    .         Harm     .   (cloak currently unavailable)
rCorr    .         Rampage  .   (gloves currently unavailable)
Will     .....     NoTele   +   (boots currently unavailable)
Stlth    ++........             (no amulet)
HPRegen  0.21/turn              (no ring)
MPRegen  0.09/turn              (no ring)

@: tree-form, hasted, very quick
A: stationary, stasis, torment immunity, boosted hp, (talons 1), blurry vision 1
a: Renounce Religion, Minor Destruction


You were on level 3 of the Dungeon.
You worshipped Makhleb.
Makhleb was pleased with you.
You were a tree.
You visited 1 branch of the dungeon, and saw 3 of its levels.

You collected 83 gold pieces.

Inventory:

Hand Weapons
 a - a +0 hand axe (weapon)
 f - a +3 dagger of protection
Missiles
 g - 34 stones
 k - 55 sling bullets
 n - 4 boomerangs
 r - 19 bolts
 t - 12 poisoned darts (quivered)
Armour
 b - a +0 robe
 d - a +0 ring mail
 j - a +0 scale mail (melded)
 w - a +0 chain mail
Wands
 v - a wand of digging (6)
Scrolls
 e - a scroll of holy word {unknown}
 i - a scroll of identify {unknown}
 l - a scroll of amnesia {unknown}
 m - a scroll of noise {unknown}
 q - a scroll of enchant weapon {unknown}
 u - a scroll of immolation {unknown}
Potions
 o - a potion of curing {unknown}
 p - a potion of brilliance {unknown}
 s - a potion of haste
 x - a potion of heal wounds {unknown}


   Skills:
 + Level 4.6 Fighting
 * Level 6.0 Axes
 + Level 2.3 Armour
 - Level 2.4 Dodging
 - Level 1.5 Stealth


You had 4 spell levels left.
You didn't know any spells.
Your spell library was empty.

Dungeon Overview and Level Annotations

Branches:
Dungeon (3/15)

Altars:
Fedhas
Kikubaaqudgha
Makhleb


Innate Abilities, Weirdness & Mutations

You are a tree.
Your roots penetrate the ground, keeping you stationary.
You cannot be teleported.
You are immune to unholy pain and torment.
Your maximum health is greatly increased.
Your equipment is partially melded.
((You have sharp toenails.))
Scrolls take you a little longer to read.


Message History

Found a spear.
k - 55 sling bullets (gained 21)
You now have 83 gold pieces (gained 14).
Found a blossoming altar of Fedhas.
A centaur comes into view.
The centaur shouts!
The centaur wields a +0 shortbow.
The centaur shoots an arrow.
The arrow hits you.
You take 1 damage, and have 46/47 hp.
A centaur is nearby!
Really quaff the potion of lignification?
Okay, then.
The centaur shoots an arrow.
The arrow hits you!
Found an ancient bone altar of Kikubaaqudgha.
You take 9 damage, and have 37/47 hp.
The centaur shoots an arrow.
The arrow hits you!
The centaur shoots an arrow.
The arrow hits you!
You take 21 damage, and have 16/47 hp.
MASSIVE DAMAGE!!
The centaur shoots an arrow.
The arrow closely misses you.
The arrow hits the withered plant!!
The withered plant begins to crumble.
The centaur shoots an arrow.
The arrow hits you!
* * * LOW HITPOINT WARNING * * *
The centaur shoots an arrow.
The arrow hits you.
* * * LOW HITPOINT WARNING * * *
You take 14 damage, and have 2/47 hp.
MASSIVE DAMAGE!!
The centaur unwields a +0 shortbow.
The centaur hits you but does no damage.
It was a potion of haste.
You feel yourself speed up. The centaur barely misses you.
It was a potion of mutation.
You feel extremely strange.
Your vision blurs.
Your toenails lengthen and sharpen.
The withered plant crumbles away.
The centaur hits you but does no damage.
Really quaff the potion of lignification?
You turn into a tree.
Your +0 scale mail melds into your body.
Your roots penetrate the ground.
The centaur hits you but does no damage.
The centaur hits you.
You die...

#####.##..#.......# #.....###
#......#####......###.....###
#......#PPP#.........####....
#......#P_P#............#....
#......#.P.#######...........
#......##...# #......#....
#.......#..P#### #......#....
####..#........# #....÷.#....
#........♣c.# ######..#...
#.#..##P.P#..# ##.#...
#.##.##P.P# .# ##.÷.##
#.....##...# # #......
###...[>.#._.#### #......
######........#PPP#..#
#......
.......#......#####..#
#......
......##.............#
#......
......##......####...#
#......


You could see a centaur.

Vanquished Creatures
  Jessica (D:3)
  Ijyb (D:3)
  Natasha (D:2)
  An adder (D:3)
  An ooze (D:1)
  3 worms
  A dart slug (D:1)
  A ball python (D:3)
  2 giant cockroaches (D:1)
  2 goblins
  A hobgoblin (D:1)
  4 jackals
  A quokka (D:3)
  4 bats
  2 frilled lizards
  6 kobolds
  10 rats
42 creatures vanquished.

Vanquished Creatures (others)
  A withered plant (D:3)
1 creature vanquished.

Grand Total: 43 creatures vanquished

Notes
Turn   | Place    | Note
-------+----------+-------------------------------------------
     0 | D:1      | jasper the Hill Orc Monk began the quest for the Orb.
     0 | D:1      | Reached XP level 1. HP: 19/19 MP: 1/1
   212 | D:1      | Reached XP level 2. HP: 27/27 MP: 2/2
   588 | D:1      | Reached skill level 1 in Armour
  1340 | D:2      | Reached XP level 3. HP: 33/33 MP: 3/3
  1698 | D:2      | Noticed Natasha
  1716 | D:2      | Killed Natasha
  1717 | D:2      | Reached skill level 5 in Axes
  2026 | D:3      | Reached XP level 4. HP: 33/40 MP: 4/4
  2397 | D:3      | Noticed Ijyb
  2397 | D:3      | Noticed Jessica
  2404 | D:3      | Killed Jessica
  2417 | D:3      | Killed Ijyb
  2418 | D:3      | Reached XP level 5. HP: 33/47 MP: 5/5
  2575 | D:3      | Reached skill level 6 in Axes
  2594 | D:3      | Found a burning altar of Makhleb.
  2703 | D:3      | Became a worshipper of Makhleb the Destroyer
  2703 | D:3      | Reached * piety under Makhleb
  2703 | D:3      | Reached ** piety under Makhleb
  2887 | D:3      | Found a blossoming altar of Fedhas.
  2888 | D:3      | Noticed a centaur
  2889 | D:3      | Found an ancient bone altar of Kikubaaqudgha.
  2892 | D:3      | HP: 2/47 [centaur/arrow (6)]
  2895 | D:3      | Gained mutation: Scrolls take you a little longer to read.
                  | [potion of mutation]
  2895 | D:3      | Gained mutation: You have sharp toenails. [potion of
                  | mutation]
  2896 | D:3      | Slain by a centaur

Illustrated notes

Levels and vault maps discovered:
D:1:      moated_graveyard_arrival, layout_basic
D:2:      layout_rooms, tgw_kikubaaqudgha, uniq_natasha
D:3:      layout_rooms, grunt_temple_overflow_growth_and_decay,
          marbit_many_paths, uniq_ijyb, uniq_jessica

Skill      XL: |  1  2  3  4  5 |
---------------+----------------+-----
Armour         | 1 2 |  2.3
Fighting       | 4 |  4.6
Axes           | 5 6 |  6.0
Dodging        | |  2.4
Stealth        | |  1.5

Action                   |  1- 3 |  4- 6 || total
-------------------------+-------+-------++-------
Melee: Hand axe          |    81 |    44 ||   125
Throw: Stone             |    25 |       ||    25
       Boomerang         |    19 |       ||    19
       Dart              |       |    27 ||    27
  Use: Potion            |     1 |     3 ||     4
Armor: Ring mail         |     3 |       ||     3
       Scale mail        |    22 |    29 ||    51
       Skin              |     8 |     1 ||     9
Dodge: Dodged            |    37 |    31 ||    68

Table legend: (Time is in decaauts)
 A = Elapsed time spent in this place.
 B = Non-inter-level travel time spent in this place.
 C = Inter-level travel time spent in this place.
 D = Time resting spent in this place.
 E = Time spent auto-exploring this place.
 F = Levels seen in this place.
 G = Mean time per level.
                   A        B        C        D        E       F      G
               +--------+--------+--------+--------+--------+-----+--------+
         Total |   2920 |   2729 |    191 |   1092 |   1080 |   3 |  973.3 |
       Dungeon |   2920 |   2729 |    191 |   1092 |   1080 |   3 |  973.3 |
               +--------+--------+--------+--------+--------+-----+--------+

Top non-repeatable levels by time:
     D:1: 1224 daAuts
     D:3: 994 daAuts
     D:2: 701 daAuts
